[Event "Titled Tuesday Blitz May 30 Early 2023"]
[White "Mamedov, Edgar"]
[Black "Sprenar, Petr"]
[WhiteFideId "13739980"]
[BlackFideId "397164"]
[WhiteElo "2317"]
[BlackElo "2182"]
[Result "1-0"]
[Round "05"]
[TimeControl "180+2"]
[Date "2023.05.30"]
[WhiteClock "0:00:10"]
[BlackClock "0:00:00"]

1. d4 d5 2. c4 e6 3. Nf3 Nf6 4. Nc3 Bb4 5. Bg5 h6 6. Bxf6 Qxf6 7. e3 O-O 8. Rc1 c6 9. Bd3 Nd7 10. O-O dxc4 11. Bxc4 Bxc3 12. Rxc3 e5 13. dxe5 Nxe5 14. Nxe5 Qxe5 15. Qd2 Bf5 16. Rd1 Qe7 17. Rcc1 Rfd8 18. Qa5 Bg4 19. Rxd8+ Rxd8 20. Qxa7 Qb4 21. Bb3 Rd1+ 22. Rxd1 Bxd1 23. h3 Bxb3 24. axb3 Qxb3 25. Qb8+ Kh7 26. Qe5 Qd1+ 27. Kh2 Qd7 28. Qe4+ f5 29. Qe5 b6 30. b4 Kg6 31. h4 Kf7 32. h5 b5 33. Kg3 Qe6 34. Kf4 Qc4+ 35. Kxf5 Qxb4 36. Qe6+ Kf8 37. Kg6 Qb1+ 38. e4 1-0


[Site "https://www.chess.com"]

[Event "Titled Tuesday Blitz May 30 Early 2023"]
[White "Srdanovic, Jovana"]
[Black "Streltsov, Alexey"]
[WhiteFideId "954810"]
[BlackFideId "24104434"]
[WhiteElo "2169"]
[BlackElo "2585"]
[Result "0-1"]
[Round "05"]
[TimeControl "180+2"]
[Date "2023.05.30"]
[WhiteClock "0:00:07"]
[BlackClock "0:00:32"]

1. d4 d5 2. c4 e6 3. Nc3 c6 4. cxd5 exd5 5. Bf4 Bd6 6. Bxd6 Qxd6 7. e3 Ne7 8. Bd3 Bf5 9. Bxf5 Nxf5 10. Qd3 Qg6 11. Nge2 Qxg2 12. Rg1 Qf3 13. Nf4 g6 14. Ncxd5 cxd5 15. Qb5+ Nd7 16. Nxd5 O-O 17. Qxb7 Nxd4 18. exd4 Rae8+ 19. Kf1 Qe2+ 20. Kg2 Qe4+ 21. Kh3 Rd8 22. Qxd7 Qf3+ 23. Rg3 Qh5+ 24. Kg2 Qxd5+ 25. Qxd5 Rxd5 26. Rd1 Re8 27. Re3 Rc8 28. Red3 Rc2 29. R3d2 Rc4 30. b3 Rc3 31. Rd3 Rc2 32. R1d2 Rc1 33. Kf3 f5 34. Re3 Kf7 35. Rde2 Kf6 36. Re6+ Kg5 37. Re7 h5 38. Re1 Rc3+ 39. R7e3 Rc2 40. Rg1+ Kf6 41. Rd3 Rxa2 42. Rc3 Ra6 43. Rc7 Rb6 44. Rc8 Rxb3+ 45. Ke2 Rb6 46. Rf8+ Ke7 47. Rg8 Rdd6 48. Rg7+ Kd8 49. Rxa7 Rxd4 50. Rc1 Rdd6 51. Rca1 Rd7 52. Ra8+ Ke7 53. Rg8 Re6+ 54. Kf1 Kf6 55. Rf8+ Rf7 56. Rxf7+ Kxf7 57. Ra7+ Kf6 58. Ra3 Kg5 59. Kg2 h4 60. Rf3 Re4 61. Ra3 Rg4+ 62. Kh3 Rf4 63. Ra2 Rf3+ 64. Kg2 Rf4 65. Ra6 Rb4 66. Rc6 Rb3 67. Rc8 h3+ 68. Kf1 Kg4 69. Rc4+ f4 70. Rc1 g5 71. Re1 Kf3 72. Rc1 g4 73. Rc3+ Rxc3 74. Ke1 Rc1+ 75. Kd2 Kxf2 76. Kxc1 Kg2 77. Kd2 Kxh2 78. Ke2 Kg2 79. Ke1 h2 80. Ke2 h1=Q 0-1


[Site "https://www.chess.com"]

[Event "Titled Tuesday Blitz May 30 Early 2023"]
[White "Marra, Eduardo da Costa"]
[Black "Abdilkhair, Abilmansur"]
[WhiteFideId "2106990"]
[BlackFideId "13716417"]
[WhiteElo "2252"]
[BlackElo "2215"]
[Result "1-0"]
[Round "05"]
[TimeControl "180+2"]
[Date "2023.05.30"]
[WhiteClock "0:00:43"]
[BlackClock "0:00:18"]

1. d4 d5 2. Nc3 e6 3. Bf4 a6 4. Nf3 Nf6 5. e3 Bd6 6. Bd3 Bxf4 7. exf4 c5 8. dxc5 Qc7 9. Qd2 Qxc5 10. O-O O-O 11. Rae1 Nc6 12. a3 Bd7 13. Ne5 Rad8 14. Re3 Qd6 15. Nd1 d4 16. Ree1 Nd5 17. g3 f6 18. Nxd7 Rxd7 19. Qe2 e5 20. Qh5 g6 21. Qf3 Kg7 22. Re2 Re7 23. Rfe1 Rfe8 24. f5 g5 25. Kh1 b5 26. Be4 Rd8 27. h4 h6 28. hxg5 hxg5 29. Kg2 Red7 30. Rh1 Nde7 31. Ree1 Rh8 32. Rxh8 Kxh8 33. Rh1+ Kg7 34. Qh5 Ng8 35. Qh8+ Kf8 36. f3 Rg7 37. Nf2 Ne7 38. Ng4 Kf7 39. Rh7 Rxh7 40. Qxh7+ Ke8 41. Qg7 Kd7 42. Qf7 Qb8 43. Nxf6+ Nxf6 44. Qxf6 g4 45. Qe6+ Ke8 46. f6 Qc8 47. Qxe7# 1-0


[Site "https://www.chess.com"]

[Event "Titled Tuesday Blitz May 30 Early 2023"]
[White "Sharapov, Evgeny"]
[Black "Szyszylo, Rafal"]
[WhiteFideId "14103133"]
[BlackFideId "1109626"]
[WhiteElo "2367"]
[BlackElo "1951"]
[Result "1-0"]
[Round "05"]
[TimeControl "180+2"]
[Date "2023.05.30"]
[WhiteClock "0:00:19"]
[BlackClock "0:00:07"]

1. e4 d6 2. d4 Nf6 3. Nc3 g6 4. f4 Bg7 5. Nf3 O-O 6. Bd3 Na6 7. O-O c5 8. d5 Bg4 9. h3 Bxf3 10. Rxf3 Rc8 11. Bc4 Nd7 12. a3 Nc7 13. Qd3 a6 14. a4 Nb6 15. a5 Nxc4 16. Qxc4 Qd7 17. Na4 Qb5 18. Nb6 Rcd8 19. c3 e6 20. dxe6 fxe6 21. Qxb5 Nxb5 22. Be3 Na7 23. Bf2 Nc6 24. Nc4 d5 25. exd5 exd5 26. Ne5 Nxe5 27. fxe5 Rxf3 28. gxf3 Bxe5 29. Bxc5 d4 30. Rd1 d3 31. Kf2 Bf4 32. Be3 Bc7 33. b4 Be5 34. Bd2 Rc8 35. Rc1 Bf6 36. Ke3 Bg5+ 37. f4 Re8+ 38. Kxd3 Rd8+ 39. Kc4 Rxd2 40. fxg5 Rg2 41. Rd1 Rxg5 42. Rd8+ Kg7 43. Rd7+ Kh6 44. Rxb7 Rh5 45. b5 axb5+ 46. Rxb5 Rh4+ 47. Kb3 Rxh3 48. a6 Rh1 49. Ra5 Rb1+ 50. Kc4 Rb8 51. a7 Ra8 52. Kc5 g5 53. Kb6 g4 54. Kb7 Rg8 55. a8=Q Rxa8 56. Rxa8 Kg5 57. Rg8+ Kh4 58. c4 g3 59. c5 h5 60. c6 Kh3 61. c7 g2 62. c8=Q+ Kh2 63. Qc7+ Kh1 64. Qg3 h4 65. Qxg2# 1-0


[Site "https://www.chess.com"]

[Event "Titled Tuesday Blitz May 30 Early 2023"]
[White "Jovic, Stanoje"]
[Black "Shuvalov, Evgenij"]
[WhiteFideId "905020"]
[BlackFideId "4187237"]
[WhiteElo "2236"]
[BlackElo "2080"]
[Result "0-1"]
[Round "05"]
[TimeControl "180+2"]
[Date "2023.05.30"]
[WhiteClock "0:00:00"]
[BlackClock "0:01:27"]

1. c4 Nf6 2. g3 c6 3. Bg2 d5 4. cxd5 cxd5 5. Nf3 Nc6 6. d4 Bf5 7. Nc3 e6 8. O-O h6 9. Bf4 Be7 10. Rc1 O-O 11. Ne5 Rc8 12. Nxc6 Rxc6 13. f3 Qb6 14. Na4 Qa6 15. Rxc6 Qxc6 16. Nc3 Qb6 17. e4 Bh7 18. Qd2 dxe4 19. fxe4 Rd8 20. Be3 Ng4 21. Rd1 Bf6 22. Na4 Qb5 23. Bf1 Qxa4 0-1


[Site "https://www.chess.com"]

[Event "Titled Tuesday Blitz May 30 Early 2023"]
[White "Arencibia Monduy, Antonio"]
[Black "Melian, Juan Sebastian"]
[WhiteFideId "3507939"]
[BlackFideId "3706575"]
[WhiteElo "2426"]
[BlackElo "2092"]
[Result "0-1"]
[Round "05"]
[TimeControl "180+2"]
[Date "2023.05.30"]
[WhiteClock "0:00:00"]
[BlackClock "0:00:05"]

1. e4 c5 2. Nf3 e6 3. c3 Nf6 4. e5 Nd5 5. d4 cxd4 6. cxd4 d6 7. exd6 Bxd6 8. Bd3 O-O 9. O-O b6 10. Qe2 Bb7 11. Qe4 Nf6 12. Qh4 Be7 13. Be3 Nbd7 14. Nbd2 Re8 15. Rad1 Nf8 16. Qh3 Rc8 17. Ne5 Nd5 18. Bb5 f6 19. Nef3 Bc6 20. Bd3 Bd6 21. Rfe1 Bf4 22. Ba6 Rc7 23. Bc4 Bxe3 24. fxe3 Nb4 25. a3 Nd5 26. Qg3 Rd7 27. Rc1 Bb7 28. e4 Ne7 29. Qf2 Kh8 30. Bb5 a6 31. Bxd7 Qxd7 32. Nc4 b5 33. Ne3 Bxe4 34. Nd1 Bd5 35. Nc3 Bb7 36. Ne4 Bd5 37. Nc5 Qd6 38. b4 Nf5 39. Rcd1 Ng6 40. Ne4 Bxe4 41. Rxe4 Qd5 42. Rde1 Kg8 43. h3 Kf7 44. Qe2 Nd6 45. Re3 Nf4 46. Qf2 Qf5 47. Qg3 g5 48. Nh2 Nd5 49. Rf3 Nf4 50. Ng4 Kg6 51. Kh2 h5 52. Ne3 h4 53. Nxf5 hxg3+ 54. Nxg3 Rc8 55. Ne4 Nf5 56. Ng3 Nxd4 57. Rfe3 e5 0-1


[Site "https://www.chess.com"]

[Event "Titled Tuesday Blitz May 30 Early 2023"]
[White "Kiremitciyan, Ari"]
[Black "Srebrnic, Marko"]
[WhiteFideId "6373445"]
[BlackFideId "14603616"]
[WhiteElo "2181"]
[BlackElo "2341"]
[Result "1/2-1/2"]
[Round "05"]
[TimeControl "180+2"]
[Date "2023.05.30"]
[WhiteClock "0:00:06"]
[BlackClock "0:00:13"]

1. Nf3 Nf6 2. c4 d6 3. g3 e5 4. Bg2 c5 5. O-O Nc6 6. Nc3 Be7 7. Ne1 O-O 8. Nc2 Be6 9. Ne3 Rb8 10. Ned5 a6 11. b3 Ne8 12. a4 f5 13. d3 f4 14. gxf4 exf4 15. Nxf4 Bf7 16. Ncd5 Bg5 17. e3 Nf6 18. Bb2 Ne5 19. Nxf6+ Bxf6 20. Qe2 b5 21. axb5 axb5 22. Nd5 bxc4 23. Nxf6+ Qxf6 24. Bxe5 cxd3 25. Qxd3 Qxe5 26. Rfd1 Rfd8 27. Rab1 Bg6 28. Qd5+ Qxd5 29. Bxd5+ Kf8 30. Rb2 Bf7 31. Bxf7 Kxf7 32. Kf1 Rb4 33. Ke2 Ke6 34. Rg1 g6 35. Ra1 Rdb8 36. Ra7 R8b7 37. Rxb7 Rxb7 38. Kd3 Rb4 39. Kc3 Rh4 40. f3 Rh3 41. Rf2 g5 42. Kc4 Rh4+ 43. Kc3 Ke5 44. Kd3 d5 45. Kc3 h6 46. Kc2 d4 47. Kd3 dxe3 48. Kxe3 Rb4 49. Rb2 Rh4 50. Rc2 Kd5 51. Rd2+ Kc6 52. Rc2 Kb5 53. Kd3 Rh3 54. Rf2 Kb4 55. Kc2 Rh4 56. Rg2 Rd4 57. Rg4 Rxg4 58. fxg4 c4 59. bxc4 Kxc4 60. Kd2 Kd4 61. Ke2 Ke4 62. Kf2 Ke5 63. Ke3 Kd5 64. Kd3 Ke5 65. Ke3 Kd5 66. Kd3 Ke5 67. Ke3 1/2-1/2


[Site "https://www.chess.com"]

[Event "Titled Tuesday Blitz May 30 Early 2023"]
[White "Baghdasaryan, Vahe"]
[Black "KorolDimitriy75"]
[WhiteFideId "13303139"]
[WhiteElo "2216"]
[BlackElo "2420"]
[Result "1-0"]
[Round "05"]
[TimeControl "180+2"]
[Date "2023.05.30"]
[WhiteClock "0:00:25"]
[BlackClock "0:00:08"]

1. e4 c5 2. Nf3 d6 3. d4 cxd4 4. Nxd4 Nf6 5. Nc3 g6 6. Be3 Bg7 7. Bc4 O-O 8. f3 Nc6 9. Qd2 Bd7 10. h4 Qa5 11. O-O-O Rfc8 12. Bb3 Ne5 13. Kb1 b5 14. h5 Nc4 15. Bxc4 bxc4 16. hxg6 fxg6 17. Bh6 Bh8 18. e5 dxe5 19. Nde2 Rab8 20. g4 Qb4 21. Qc1 Be6 22. g5 Nh5 23. Rxh5 gxh5 24. Ne4 c3 25. b3 a5 26. g6 hxg6 27. Qg5 Bf5 28. Rg1 Qa3 29. N2xc3 Rxc3 30. Qxf5 Rcxb3+ 31. cxb3 Rxb3+ 32. axb3 Qxb3+ 33. Kc1 Qc4+ 34. Kd2 Qd4+ 35. Ke2 Qxg1 36. Qf8+ Kh7 37. Ng5+ Qxg5 38. Bxg5 1-0


[Site "https://www.chess.com"]

[Event "Titled Tuesday Blitz May 30 Early 2023"]
[White "cristianserban1"]
[Black "Sousa, Andre Ventura"]
[BlackFideId "1917617"]
[WhiteElo "2505"]
[BlackElo "2333"]
[Result "0-1"]
[Round "05"]
[TimeControl "180+2"]
[Date "2023.05.30"]
[WhiteClock "0:00:01"]
[BlackClock "0:00:48"]

1. d4 Nf6 2. Bf4 e6 3. Nf3 c5 4. e3 cxd4 5. exd4 b6 6. c3 Be7 7. Be2 Ba6 8. Nbd2 O-O 9. h3 Bxe2 10. Qxe2 Nc6 11. O-O d6 12. a4 Rc8 13. Rfe1 Na5 14. Rac1 h6 15. b4 Nc6 16. Nb3 d5 17. Nfd2 Bd6 18. Be3 Ne7 19. g4 Ng6 20. Qf3 Rc7 21. a5 Qc8 22. Nb1 Ne4 23. Bd2 f5 24. Re2 Nh4 25. Qd3 fxg4 26. hxg4 e5 27. Qh3 Nf3+ 28. Kg2 Neg5 29. Bxg5 Nxg5 30. Qh5 e4 31. axb6 axb6 32. Rh1 Rf4 33. Rh4 Rcf7 34. Kf1 Qc4 35. N3d2 Rxf2+ 0-1


[Site "https://www.chess.com"]

[Event "Titled Tuesday Blitz May 30 Early 2023"]
[White "Gontcharov, Vladislav"]
[Black "ChawitAp"]
[WhiteFideId "4123492"]
[WhiteElo "2420"]
[BlackElo "2414"]
[Result "1-0"]
[Round "05"]
[TimeControl "180+2"]
[Date "2023.05.30"]
[WhiteClock "0:00:21"]
[BlackClock "0:00:00"]

1. d4 d5 2. c4 c6 3. Nf3 Nf6 4. e3 a6 5. Nc3 Bf5 6. c5 Nbd7 7. h3 e5 8. Be2 Ne4 9. O-O Be7 10. Nxe4 Bxe4 11. Bd2 Bf6 12. Bc3 exd4 13. Bxd4 O-O 14. Rc1 Re8 15. Qa4 Bxd4 16. Nxd4 Qg5 17. g3 Re7 18. Kh2 Rae8 19. Qb3 Nf6 20. Qc3 h5 21. f4 Qh6 22. Rce1 Bh7 23. Bd1 Ne4 24. Qc1 Qg6 25. Rg1 Qh6 26. Bc2 Nf6 27. Bd1 Be4 28. b4 Qg6 29. a4 Qh6 30. b5 axb5 31. axb5 Nd7 32. bxc6 bxc6 33. Qc3 h4 34. g4 g6 35. g5 Qf8 36. Bg4 Nb8 37. Re2 Ra7 38. Qe1 1-0


[Site "https://www.chess.com"]

[Event "Titled Tuesday Blitz May 30 Early 2023"]
[White "Bodnaruk, Anastasia"]
[Black "Mazurkiewicz, Michal"]
[WhiteFideId "4181751"]
[BlackFideId "1124943"]
[WhiteElo "2304"]
[BlackElo "2054"]
[Result "1-0"]
[Round "05"]
[TimeControl "180+2"]
[Date "2023.05.30"]
[WhiteClock "0:00:23"]
[BlackClock "0:00:00"]

1. e4 d6 2. d4 Nf6 3. Nc3 c6 4. f4 Qb6 5. Nf3 Bg4 6. Be2 e6 7. O-O d5 8. e5 Nfd7 9. Kh1 c5 10. Na4 Qa5 11. c3 Bxf3 12. Bxf3 cxd4 13. cxd4 g6 14. Be3 Nc6 15. a3 b5 16. Nc5 Nxc5 17. dxc5 Qc7 18. b4 Be7 19. Be2 Qb7 20. a4 Nxb4 21. axb5 O-O 22. Bd4 a5 23. Qa4 Rfc8 24. Rfc1 Qa7 25. b6 Qb7 26. Bb5 Nc6 27. Rab1 Nxd4 28. Qxd4 Rab8 29. Ba4 Qa6 30. c6 Qe2 31. c7 Rb7 32. Bd7 1-0


[Site "https://www.chess.com"]

[Event "Titled Tuesday Blitz May 30 Early 2023"]
[White "Harriott, Tyrell"]
[Black "Gheorghiu, Calin"]
[WhiteFideId "2086484"]
[BlackFideId "1200305"]
[WhiteElo "2107"]
[BlackElo "2223"]
[Result "1-0"]
[Round "05"]
[TimeControl "180+2"]
[Date "2023.05.30"]
[WhiteClock "0:01:52"]
[BlackClock "0:00:07"]

1. d4 Nf6 2. e3 c5 3. Bd3 b6 4. f4 Bb7 5. Nf3 g6 6. O-O Bg7 7. Nbd2 O-O 8. f5 e6 9. fxg6 fxg6 10. c3 Nc6 11. a3 Kh8 12. e4 cxd4 13. cxd4 d6 14. Qe2 e5 15. d5 Nd4 16. Nxd4 exd4 17. Nf3 Re8 18. Ng5 Qd7 19. Bb5 Qe7 20. Bxe8 Rxe8 21. Qd3 Ng4 22. Rf7 Ne5 23. Rxe7 Rxe7 24. Qh3 d3 25. Qxh7# 1-0


[Site "https://www.chess.com"]

[Event "Titled Tuesday Blitz May 30 Early 2023"]
[White "WindWhistler11"]
[Black "Novikova, Galina"]
[BlackFideId "4157095"]
[WhiteElo "2542"]
[BlackElo "1953"]
[Result "1-0"]
[Round "05"]
[TimeControl "180+2"]
[Date "2023.05.30"]
[WhiteClock "0:00:27"]
[BlackClock "0:00:00"]

1. Nf3 e6 2. g3 f5 3. c4 Nf6 4. Bg2 Be7 5. O-O d6 6. b3 e5 7. Bb2 O-O 8. Nc3 Nc6 9. d4 e4 10. Ne1 Qe8 11. f3 Bd8 12. Nc2 Qg6 13. Qd2 Bd7 14. Rae1 a5 15. a3 exf3 16. exf3 f4 17. g4 Nxg4 18. fxg4 Bxg4 19. Bd5+ Kh8 20. Kh1 Bg5 21. Ne4 Bh6 22. Qg2 Qh5 23. Nf2 Bd7 24. Bf3 Qf5 25. Ng4 Bg5 26. d5 Ne7 27. Nd4 Qg6 28. Ne6 Rg8 29. Qh3 Nf5 30. Be4 Bxe6 31. dxe6 Rgf8 32. Rg1 1-0


[Site "https://www.chess.com"]

[Event "Titled Tuesday Blitz May 30 Early 2023"]
[White "Shvedova, Alexandra"]
[Black "Lopez Del Alamo, Antonio"]
[WhiteFideId "54154782"]
[BlackFideId "2227339"]
[WhiteElo "1973"]
[BlackElo "2175"]
[Result "1-0"]
[Round "05"]
[TimeControl "180+2"]
[Date "2023.05.30"]
[WhiteClock "0:00:07"]
[BlackClock "0:00:00"]

1. Nf3 Nf6 2. c4 g6 3. g3 Bg7 4. Bg2 O-O 5. O-O d6 6. Nc3 e5 7. d4 Nbd7 8. e4 c6 9. h3 a5 10. Re1 exd4 11. Nxd4 Nc5 12. b3 Re8 13. Bb2 Qb6 14. Kh2 Bd7 15. Qd2 Rad8 16. Rad1 Bc8 17. Qc2 h5 18. Nf3 a4 19. Nxa4 Nxa4 20. bxa4 Be6 21. Ba1 Qa6 22. c5 dxc5 23. Qxc5 Qxa4 24. Rxd8 Rxd8 25. Ng5 Re8 26. Nxe6 Rxe6 27. e5 Nd7 28. Qc1 Bxe5 29. Bxe5 Rxe5 30. Rd1 Nc5 31. Rd8+ Kg7 32. Qc3 f6 33. f4 Re7 34. Qxc5 Rf7 35. Qf2 h4 36. g4 Qb4 37. Re8 Rd7 38. Qe3 Qd6 39. Bf3 g5 40. Kg2 Kf7 41. fxg5 fxg5 42. Re4 Qf6 43. Qe2 Kg7 44. Re3 Qf8 45. Rd3 Re7 46. Qb2+ Kh6 47. Qd4 Rf7 48. Qd6+ Rf6 49. Qxf8+ Rxf8 50. Rb3 Rf7 51. Rb6 Kg7 52. a4 Kf6 53. a5 Ke5 54. a6 bxa6 55. Rxa6 c5 56. Rg6 Kf4 57. Rc6 Rd7 58. Be2 Rd2 59. Kf2 Rc2 60. Rf6+ Ke4 61. Rf5 c4 62. Rxg5 c3 63. Rc5 Kd4 64. Rc8 Rc1 65. g5 c2 66. g6 1-0


[Site "https://www.chess.com"]

[Event "Titled Tuesday Blitz May 30 Early 2023"]
[White "Kazmin_Semyon"]
[Black "Lehtosaari, Mauri"]
[BlackFideId "501999"]
[WhiteElo "2381"]
[BlackElo "2536"]
[Result "1-0"]
[Round "05"]
[TimeControl "180+2"]
[Date "2023.05.30"]
[WhiteClock "0:00:19"]
[BlackClock "0:00:00"]

1. d4 d5 2. c4 c6 3. cxd5 cxd5 4. Bg5 h6 5. Bh4 Bf5 6. Nc3 g5 7. Bg3 e6 8. e3 Nc6 9. Nf3 Bg7 10. Bd3 Bxd3 11. Qxd3 Nge7 12. O-O Nf5 13. Ne5 Nxg3 14. Nxc6 bxc6 15. fxg3 O-O 16. Rf2 Rb8 17. g4 Qa5 18. Raf1 c5 19. dxc5 Qxc5 20. Na4 Qb4 21. b3 Qxg4 22. Nc5 Rbd8 23. Nb7 Rd7 24. Qb5 Rc7 25. Nd6 Be5 26. Ne8 Rc3 27. Nf6+ Bxf6 28. Rxf6 Kg7 29. Qb7 Qh5 30. Qxa7 Rxe3 31. Qxe3 g4 32. Qd4 e5 33. Qxd5 g3 34. hxg3 Kg8 35. R6f5 Qg6 36. Qxe5 Kh7 37. Qf4 1-0


[Site "https://www.chess.com"]

[Event "Titled Tuesday Blitz May 30 Early 2023"]
[White "robertoalejandro10"]
[Black "Goswami, Vedant"]
[BlackFideId "5003725"]
[WhiteElo "2536"]
[BlackElo "2011"]
[Result "0-1"]
[Round "05"]
[TimeControl "180+2"]
[Date "2023.05.30"]
[WhiteClock "0:00:02"]
[BlackClock "0:01:08"]

1. Nf3 d6 2. c4 e5 3. Nc3 Nf6 4. g3 c6 5. Bg2 Bd7 6. O-O Qc8 7. d4 exd4 8. Qxd4 Bh3 9. Bf4 Bxg2 10. Kxg2 Qe6 11. Rad1 Nbd7 12. Bxd6 Bxd6 13. Qxd6 Qxc4 14. Rd3 Qc5 15. Re3+ Kd8 16. Qd2 Kc7 17. Rd1 Rad8 18. Na4 Qb5 19. Nc3 Qc5 20. Na4 Qb5 21. Nc3 Qa5 22. Qd6+ Kc8 23. Nd5 Nxd5 24. b4 Nxe3+ 25. fxe3 Qc7 0-1


[Site "https://www.chess.com"]

[Event "Titled Tuesday Blitz May 30 Early 2023"]
[White "Aggelis, Nikolaos"]
[Black "Szente Varga, Fruzsina"]
[WhiteFideId "4213220"]
[BlackFideId "712264"]
[WhiteElo "2189"]
[BlackElo "1994"]
[Result "1-0"]
[Round "05"]
[TimeControl "180+2"]
[Date "2023.05.30"]
[WhiteClock "0:00:22"]
[BlackClock "0:00:06"]

1. c4 Nf6 2. g3 g6 3. Bg2 Bg7 4. Nf3 O-O 5. O-O c6 6. d4 d5 7. cxd5 cxd5 8. Nc3 Nc6 9. Ne5 Bf5 10. Nxc6 bxc6 11. Bf4 Ne4 12. Nxe4 Bxe4 13. Bxe4 dxe4 14. e3 f5 15. Rc1 Qd5 16. Qa4 Rfc8 17. Rc5 Qe6 18. Rfc1 Bf6 19. h4 Kg7 20. Rxc6 Rxc6 21. Qxc6 Qg8 22. Bg5 Bxg5 23. hxg5 Rd8 24. Qb7 Qe6 25. Rc7 Kf7 26. Qxa7 Re8 27. Qa3 Kg7 28. b3 h6 29. gxh6+ Kxh6 30. Qc5 Qa6 31. Rxe7 Rxe7 32. Qxe7 Qxa2 33. Qf8+ Kh7 34. Qe7+ Kh6 35. b4 Qe2 36. Qh4+ Kg7 37. Qf4 Qe1+ 38. Kg2 Qxb4 39. g4 Qf8 40. Qe5+ Kh6 41. d5 fxg4 42. Qxe4 Kh5 43. Qe5+ Kh4 44. Qh2+ Kg5 45. Qf4+ Qxf4 46. exf4+ Kf6 47. Kg3 Kf5 48. f3 gxf3 49. Kxf3 g5 50. d6 Ke6 51. fxg5 Kxd6 52. Kg4 Ke6 53. Kh5 Kf7 54. Kh6 Kg8 55. Kg6 Kf8 56. Kh7 Kf7 57. g6+ Kf6 1-0


[Site "https://www.chess.com"]

[Event "Titled Tuesday Blitz May 30 Early 2023"]
[White "Korpics, Zsolt"]
[Black "hakanazeri2"]
[WhiteFideId "705241"]
[WhiteElo "2352"]
[BlackElo "2532"]
[Result "1-0"]
[Round "05"]
[TimeControl "180+2"]
[Date "2023.05.30"]
[WhiteClock "0:00:14"]
[BlackClock "0:00:09"]

1. e4 c5 2. Nc3 e6 3. Nf3 Nc6 4. d4 cxd4 5. Nxd4 Nf6 6. Ndb5 d6 7. Bf4 e5 8. Bg5 a6 9. Na3 b5 10. Nd5 Be7 11. Bxf6 Bxf6 12. c4 Nd4 13. cxb5 Be6 14. Bd3 O-O 15. O-O Bxd5 16. exd5 axb5 17. Nxb5 Nxb5 18. Bxb5 e4 19. Qe2 Qe7 20. a4 Be5 21. Rfe1 f5 22. Ra3 Rf6 23. g3 Rh6 24. Rb3 Ra7 25. Qe3 Rh3 26. Bf1 Rh6 27. Rc1 Rxa4 28. Rb8+ Kf7 29. Rbc8 Kg6 30. b3 Bd4 31. Qf4 Ra2 32. R1c2 Ra1 33. h4 Qe5 34. Qg5+ Kf7 35. R2c7+ 1-0


[Site "https://www.chess.com"]

[Event "Titled Tuesday Blitz May 30 Early 2023"]
[White "Moral Garcia, Serafin"]
[Black "Avalos Parra, Joao"]
[WhiteFideId "2201925"]
[BlackFideId "3402541"]
[WhiteElo "2274"]
[BlackElo "2173"]
[Result "1-0"]
[Round "05"]
[TimeControl "180+2"]
[Date "2023.05.30"]
[WhiteClock "0:00:36"]
[BlackClock "0:00:00"]

1. c4 e6 2. Nf3 d5 3. e3 Nf6 4. b3 c5 5. Bb2 Nc6 6. cxd5 exd5 7. Nc3 a6 8. d4 Be7 9. dxc5 Bxc5 10. Be2 O-O 11. O-O Ba7 12. Rc1 d4 13. exd4 Nxd4 14. Nxd4 Qxd4 15. Bf3 Qf4 16. Nd5 Nxd5 17. Qxd5 Qb4 18. Rc4 Qb5 19. Rc7 Qxd5 20. Bxd5 Bb6 21. Re7 Bc5 22. Bxb7 Bxe7 23. Bxa8 Be6 24. Be4 Rd8 25. Bc3 Rc8 26. Rc1 Bg5 27. Rc2 f5 28. Bd3 Rd8 29. Be2 a5 30. Bxa5 Re8 31. Kf1 f4 32. f3 Bf5 33. Bc4+ Kh8 34. Re2 Rc8 35. Bc3 h6 36. a4 1-0


[Site "https://www.chess.com"]

[Event "Titled Tuesday Blitz May 30 Early 2023"]
[White "Sovetbekova, Nurai"]
[Black "Bagwe Gaurang"]
[WhiteFideId "13801910"]
[BlackFideId "45039895"]
[WhiteElo "1857"]
[BlackElo "1847"]
[Result "1-0"]
[Round "05"]
[TimeControl "180+2"]
[Date "2023.05.30"]
[WhiteClock "0:00:26"]
[BlackClock "0:00:00"]

1. d4 d5 2. c4 c6 3. Nf3 Nf6 4. g3 e6 5. Bg2 Be7 6. O-O O-O 7. Nc3 Nbd7 8. Qd3 dxc4 9. Qxc4 Nb6 10. Qb3 c5 11. dxc5 Bxc5 12. Rd1 Qe7 13. Bg5 h6 14. Bxf6 Qxf6 15. Ne4 Qe7 16. Nxc5 Qxc5 17. Rac1 Qe7 18. Ne5 Nd5 19. Bxd5 exd5 20. Qxd5 Be6 21. Qd6 Qxd6 22. Rxd6 Bxa2 23. Rc7 Rfe8 24. f4 f6 25. Nf3 Rxe2 26. Rdd7 Rae8 27. Rxg7+ Kf8 28. Nh4 Re1+ 29. Kg2 R8e2+ 30. Kh3 Rd2 31. Rh7 Bg8 32. Ng6+ Ke8 33. Rh8 1-0


[Site "https://www.chess.com"]

[Event "Titled Tuesday Blitz May 30 Early 2023"]
[White "Sadovsky, Artem"]
[Black "Vaglio Munoz, Jaime"]
[WhiteFideId "4155840"]
[BlackFideId "6500145"]
[WhiteElo "2314"]
[BlackElo "2199"]
[Result "1-0"]
[Round "05"]
[TimeControl "180+2"]
[Date "2023.05.30"]
[WhiteClock "0:00:08"]
[BlackClock "0:00:55"]

1. Nf3 c5 2. e3 b6 3. Be2 Bb7 4. O-O g6 5. c4 Bg7 6. Nc3 Nf6 7. d4 cxd4 8. Nxd4 O-O 9. Bf3 Qc8 10. Bxb7 Qxb7 11. b3 Nc6 12. Bb2 Nxd4 13. Qxd4 Rfd8 14. Nd5 Kf8 15. Nxe7 Kxe7 16. Qe5+ Kf8 17. Qd6+ Kg8 18. Bxf6 Bxf6 19. Qxf6 Re8 20. Rad1 Re6 21. Qg5 Kg7 22. Rd5 h6 23. Qg3 Rae8 24. Rfd1 R8e7 25. h4 Qc8 26. h5 Qe8 27. Rd6 g5 28. a4 f5 29. R6d5 Rf6 30. Qc7 Rff7 31. Qd6 Rf6 32. Qc7 Rff7 33. Rd6 f4 34. Rg6+ Kh7 35. Rdd6 Re6 36. Rdxe6 dxe6 37. Qe5 fxe3 38. Qxe3 e5 39. Qe4 Kh8 40. Rxh6+ Kg8 41. Qg6+ Kf8 42. Rh8+ Ke7 43. Rxe8+ Kxe8 44. h6 e4 45. h7 e3 46. h8=Q+ Ke7 47. Qe5+ Kd7 48. Qxf7+ Kc6 49. Qec7# 1-0


[Site "https://www.chess.com"]

[Event "Titled Tuesday Blitz May 30 Early 2023"]
[White "Bashkansky, Ethan"]
[Black "Jakic, Ivan"]
[WhiteFideId "2071533"]
[BlackFideId "14504901"]
[WhiteElo "2325"]
[BlackElo "2370"]
[Result "1-0"]
[Round "05"]
[TimeControl "180+2"]
[Date "2023.05.30"]
[WhiteClock "0:00:19"]
[BlackClock "0:00:20"]

1. d4 Nf6 2. c4 Nc6 3. Nf3 e6 4. Nc3 Bb4 5. Qc2 d6 6. Bd2 O-O 7. a3 Bxc3 8. Bxc3 Re8 9. g3 e5 10. d5 Nb8 11. Bg2 a5 12. b3 Nbd7 13. O-O Nc5 14. b4 Nce4 15. bxa5 Nxc3 16. Qxc3 Ne4 17. Qb4 Nc5 18. Nd2 Bf5 19. Nb3 Nxb3 20. Qxb3 Ra7 21. e4 Bd7 22. Rfc1 Qa8 23. c5 Rxa5 24. cxd6 cxd6 25. Rc7 Bc8 26. Qb4 Ra6 27. Rac1 g6 28. R1c3 Kg7 29. Qc4 Ra4 30. Rxc8 Qa5 31. Qc7 Qxc7 32. R8xc7 Ra7 33. Rf3 Rf8 34. Bh3 Kh6 35. Rfxf7 Rxf7 36. Rxf7 Rxa3 37. Rxb7 Ra4 38. Bg2 Ra6 39. Rc7 Ra1+ 40. Bf1 Re1 41. f3 Kg5 42. Rc6 h5 43. Rxd6 h4 44. Re6 hxg3 45. hxg3 Ra1 46. Rxe5+ 1-0


[Site "https://www.chess.com"]

[Event "Titled Tuesday Blitz May 30 Early 2023"]
[White "Bilan, Danila"]
[Black "Cesar Maestre, Bernardo"]
[WhiteFideId "24161918"]
[BlackFideId "24542547"]
[WhiteElo "2182"]
[BlackElo "2271"]
[Result "1-0"]
[Round "05"]
[TimeControl "180+2"]
[Date "2023.05.30"]
[WhiteClock "0:00:06"]
[BlackClock "0:00:01"]

1. d4 Nf6 2. Nf3 d5 3. c4 e6 4. Nc3 c6 5. cxd5 exd5 6. Bg5 h6 7. Bh4 Be7 8. e3 Nbd7 9. Bd3 O-O 10. Qc2 Re8 11. O-O Ne4 12. Bg3 Nxg3 13. hxg3 Bd6 14. Rab1 a5 15. a3 Nf6 16. b4 axb4 17. axb4 b5 18. e4 dxe4 19. Nxe4 Nxe4 20. Bxe4 Bd7 21. Bxc6 Rc8 22. d5 Qb6 23. Rfc1 Bxc6 24. dxc6 Bxg3 25. Qc5 Qxc5 26. bxc5 Bf4 27. Rc2 Rxc6 28. g3 Bb8 29. Nd4 Rcc8 30. c6 Be5 31. Nxb5 Re6 32. Na7 Rc7 33. Rb7 Kf8 34. Rxc7 Bxc7 35. Nb5 Re7 36. Ra2 Bb6 37. Ra8+ Re8 38. Ra6 Bc5 39. c7 Rc8 40. Rc6 Be7 41. Na7 1-0


[Site "https://www.chess.com"]